 Dungeon Crawl Stone Soup version 0.30-a0-782-ge64f9170bb (webtiles) character file.

Game seed: 2945274738538346697

359 sanka the Shooter (level 6, -3/53 HPs)
             Began as a Demigod Hunter on Feb 23, 2023.
             Slain by Pikel
             ... wielding a +2 whip of freezing
              (5 damage)
             ... on level 4 of the Dungeon.
             The game lasted 00:04:16 (2896 turns).

sanka the Shooter (Demigod Hunter)                  Turns: 2896, Time: 00:04:18

Health: -3/53      AC:  6    Str: 12    XL:     6   Next: 14%
Magic:  8/8        EV: 12    Int: 11    God:
Gold:   140        SH:  0    Dex: 25    Spells: 5/5 levels left

rFire   . . .      SeeInvis .    a - +0 shortbow
rCold   . . .      Faith    .    (shield currently unavailable)
rNeg    . . .      Spirit   .    c - +0 leather armour
rPois   .          Reflect  .    t - +0 helmet
rElec   .          Harm     .    e - +0 cloak
rCorr   .          Rampage  .    (no gloves)
Will    .....                    i - +0 pair of boots
Stlth   ++                       (no amulet)
HPRegen 0.28/turn                (no ring)
MPRegen 0.11/turn                (no ring)

@: mighty
A: high MP 1, forlorn, divine attributes
a: no special abilities


You were on level 4 of the Dungeon.
You visited 1 branch of the dungeon, and saw 4 of its levels.

You collected 140 gold pieces.


Innate Abilities, Weirdness & Mutations

You have an increased reservoir of magic. (+10% MP)
You shall have no god before yourself.
Your divine heritage dramatically boosts your attributes as you level up.


   Skills:
 + Level 4.5 Fighting
 + Level 5.6 Ranged Weapons
 - Level 1.7 Dodging
 - Level 0.8 Stealth


You had 5 spell levels left.
You didn't know any spells.
Your spell library was empty.

Inventory:

Hand Weapons
 a - a +0 shortbow (weapon)
Armour
 c - a +0 leather armour (worn)
 e - a +0 cloak (worn)
 i - a +0 pair of boots (worn)
 t - a +0 helmet (worn)
Wands
 s - a wand of digging (5)
Scrolls
 b - a scroll of immolation {!r}
 d - a scroll of silence {unknown}
 f - 4 scrolls of fear {unknown}
 g - 4 scrolls of amnesia {unknown}
 h - a scroll of enchant weapon {unknown}
 k - a scroll of fog {unknown}
 p - a scroll of poison {unknown}
 q - 3 scrolls of teleportation {unknown}
 r - 2 scrolls of identify {unknown}
Potions
 j - a potion of lignification {unknown}
 l - a potion of flight {unknown}
 n - a potion of degeneration {unknown}
 o - a potion of heal wounds {unknown}

Dungeon Overview and Level Annotations

Branches:
Dungeon (4/15)
 Temple: D:4-7

Shops:
D:1 (   D:2 (

Annotations:
D:4 Pikel

▒▒ ▒▒.▒ ▒...▒▒
....▒▒▒▒5..
▒.5...5K5. ▒5▒
▒K▒▒ ▒▒p▒ . ▒.▒▒
▒.▒ ▒..▒ ..▒▒..
▒▒.▒▒▒..▒...
▒▒▒▒▒▒.......)....
▒...▒▒...........▒
▒▒▒▒............▒
▒▒...........▒▒▒
▒▒.▒....▒.......▒▒


You could see Pikel and 2 lemures.


Message History

Pikel hits you with a +2 whip of freezing!
* * * LOW HITPOINT WARNING * * *
Pikel freezes you.
* * * LOW HITPOINT WARNING * * *
You shoot an arrow. The arrow barely misses Pikel.
Pikel closely misses you.
You shoot an arrow. The arrow misses Pikel.
Pikel hits you with a +2 whip of freezing!
* * * LOW HITPOINT WARNING * * *
Pikel freezes you.
* * * LOW HITPOINT WARNING * * *
You shoot an arrow. The arrow hits Pikel.
Pikel is moderately wounded.
Pikel cracks his whip.
Pikel closely misses you.
Pikel says, "You'll make a fine lemure."
Pikel hits you with a +2 whip of freezing!
* * * LOW HITPOINT WARNING * * *
Pikel freezes you.
* * * LOW HITPOINT WARNING * * *
You shoot an arrow. The arrow closely misses Pikel.
Pikel barely misses you.
It was a potion of might.
You feel very mighty all of a sudden.
Pikel hits you with a +2 whip of freezing.
You die...

Action                     |  1- 3 |  4- 6 || total
---------------------------+-------+-------++-------
   Fire: Shortbow          |   136 |   164 ||   300
    Use: Potion            |       |     1 ||     1
 Armour: Leather armour    |    15 |    27 ||    42
  Dodge: Dodged            |    62 |    63 ||   125

Levels and vault maps discovered:
D:1:      minmay_arrival_jagged, layout_basic, serial_shops, shop,
          minmay_misc_feat_roman
D:2:      layout_loops_ring, serial_shops, shop, uniq_jessica
D:3:      layout_loops_ring, chequers_avenue, minmay_goblin_outpost,
          uniq_natasha, uniq_ijyb
D:4:      layout_layer_cave, uniq_pikel

Notes
Turn   | Place    | Note
-------+----------+-------------------------------------------
     0 | D:1      | sanka the Demigod Hunter began the quest for the Orb.
     0 | D:1      | Reached XP level 1. HP: 17/17 MP: 3/3
   112 | D:1      | Reached skill level 2 in Fighting
   162 | D:1      | Reached XP level 2. HP: 17/24 MP: 4/4
   243 | D:1      | Reached skill level 4 in Ranged Weapons
   674 | D:1      | Reached XP level 3. HP: 30/30 MP: 5/5
   783 | D:1      | Found Feor's Antique Weapon Shoppe.
   972 | D:2      | Noticed Jessica
   973 | D:2      | Killed Jessica
   974 | D:2      | Reached skill level 3 in Fighting
  1017 | D:2      | Found Xauffu's Weapon Boutique.
  1080 | D:2      | Reached XP level 4. HP: 38/38 MP: 6/6
  1629 | D:3      | Noticed Natasha
  1636 | D:3      | Killed Natasha
  1737 | D:3      | Noticed Natasha
  1748 | D:3      | Killed Natasha
  1991 | D:3      | Noticed Ijyb
  2009 | D:3      | Killed Ijyb
  2010 | D:3      | Reached skill level 5 in Ranged Weapons
  2010 | D:3      | Reached XP level 5. HP: 24/46 MP: 7/7
  2560 | D:3      | Noticed Natasha
  2565 | D:3      | Killed Natasha
  2566 | D:3      | Reached skill level 4 in Fighting
  2816 | D:4      | Reached XP level 6. HP: 47/53 MP: 8/8
  2880 | D:4      | Noticed Pikel
  2894 | D:4      | HP: 4/53 [Pikel/+2 whip of freezing (7)]
  2896 | D:4      | Slain by Pikel

Vanquished Creatures
  2 scorpions (D:4)
  Jessica (D:2)
  Ijyb (D:3)
  Natasha (thrice) (D:3)
  An adder (D:3)
  An ufetubus (D:4)
  3 worms (D:2)
  8 endoplasms
  3 giant cockroaches
  17 goblins
  7 hobgoblins
  8 jackals
  5 quokkas
  8 ball pythons
  5 bats
  6 frilled lizards
  9 kobolds
  4 rats
92 creatures vanquished.
